 Dungeon Crawl Stone Soup version 0.27-a0-679-g77a6b55cf3 (webtiles) character file.

Game seed: 2654078306680947552

9 Allula97 the Insei (level 2, 0/21 HPs)
             Began as a Demonspawn Transmuter on Mar 19, 2021.
             Slain by a kobold (3 damage)
             ... on level 1 of the Dungeon.
             The game lasted 00:00:33 (232 turns).

Allula97 the Insei (Demonspawn Transmuter)           Turns: 232, Time: 00:00:34

Health: 0/21       AC:  2    Str: 10    XL:     2   Next: 3%
Magic:  5/5        EV: 12    Int: 14    God:
Gold:   13         SH:  0    Dex: 13    Spells: 4/5 levels left

rFire    . . .     SeeInvis .     - Unarmed
rCold    . . .     Faith    .   (no shield)
rNeg     . . .     Spirit   .   a - +0 robe
rPois    .         Reflect  .   (helmet currently unavailable)
rElec    .         Harm     .   (no cloak)
rCorr    .         Rampage  .   (no gloves)
Will     .....                  (boots currently unavailable)
Stlth    +.........             (no amulet)
HPRegen  0.07/turn              (no ring)
MPRegen  0.09/turn              (no ring)

@: appendages (expiring)
A: horns 2, talons 2, demonic magic 1
a: End Transformation


You were on level 1 of the Dungeon.
You had temporarily grown beastly horns and talons.
You visited 1 branch of the dungeon, and saw 1 of its levels.

You collected 13 gold pieces.

Inventory:

Armour
 a - a +0 robe (worn)
 c - a +0 helmet (melded)
Potions
 b - a potion of heal wounds {unknown}


   Skills:
 * Level 1.1 Fighting
 * Level 0.2 Armour
 * Level 1.9 Dodging
 * Level 0.1 Stealth
 * Level 2.9 Unarmed Combat
 * Level 2.1 Spellcasting
 * Level 1.8 Transmutations


You had 4 spell levels left.
You knew the following spells:

 Your Spells              Type           Power      Damage    Failure   Level
a - Beastly Appendage     Tmut           12%        N/A       11%         1

Your spell library contained the following spells:

 Spells                   Type           Power      Damage    Failure   Level
 Wereblood                Tmut           6%         N/A       17%         2
 Spider Form              Tmut/Pois      2%         N/A       43%         3
 Ice Form                 Ice/Tmut       4%         N/A       85%         4
 Blade Hands              Tmut           3%         N/A       97%         5


Dungeon Overview and Level Annotations

Branches:
Dungeon (1/15)

Altars:


Innate Abilities, Weirdness & Mutations

You have temporarily grown beastly horns and talons.
Spells you cast may paralyse adjacent enemies.


Message History

You hit the kobold but do no damage.
The kobold is heavily wounded.
The kobold misses you.
You hit the kobold.
You kill the kobold!
The kobold barely misses you.
You barely miss the leopard gecko. You claw the leopard gecko.
The leopard gecko is almost dead.
The kobold hits you. The leopard gecko barely misses you.
You hit the leopard gecko.
You kill the leopard gecko!
The kobold hits you.
You hit the kobold but do no damage. The kobold hits you.
You hit the dart slug.
The dart slug is moderately wounded.
Your transformation is almost over.
The kobold hits you. The dart slug launches a dart at you.
The slug dart hits you.
You hit the dart slug. You claw the dart slug.
The dart slug is heavily wounded.
The kobold misses you.
You hit the dart slug.
The dart slug is severely wounded.
The dart slug launches a dart at you. The slug dart misses you.
The kobold hits you.
* * * LOW HITPOINT WARNING * * *
You hit the dart slug. You headbutt the dart slug.
You kill the dart slug!
The kobold completely misses you.
You have reached level 2!
Your demonic ancestry asserts itself...
A menacing aura infuses your magic.
You completely miss the kobold. The kobold hits you.
* * * LOW HITPOINT WARNING * * *
You barely miss the kobold. The kobold barely misses you.
You barely miss the kobold. Your kick misses the kobold.
The kobold hits you but does no damage.
You hit the kobold but do no damage. The kobold hits you.
You die...

.## #.. ..
... ..# ..
..# # #.
#..##.# #.#
......#
#..##K......
#...@†.#
##..##......
##.##.###.#
#.##. #.##.
#.##.#
#.##.#
#.##.####
#.##....##


You could see a kobold.

Vanquished Creatures
  A dart slug (D:1)
  A leopard gecko (D:1)
  A bat (D:1)
  A hobgoblin (D:1)
  A kobold (D:1)
5 creatures vanquished.

Notes
Turn   | Place    | Note
-------+----------+-------------------------------------------
     0 | D:1      | Allula97 the Demonspawn Transmuter began the quest for the
                  | Orb.
     0 | D:1      | Reached XP level 1. HP: 15/15 MP: 3/3
   229 | D:1      | Gained mutation: Spells you cast may paralyse adjacent
                  | enemies. [demonic ancestry]
   229 | D:1      | Reached XP level 2. HP: 4/21 MP: 5/5
   232 | D:1      | Slain by a kobold

Illustrated notes

Levels and vault maps discovered:
D:1:      amcnicky_arrival_single_pillar, layout_basic

Action                   || total
-------------------------++-------
Melee: Unarmed           ||    22
       Kick              ||     4
       Headbutt          ||     2
 Cast: Beastly Appendage ||     2
Armor: Robe              ||     3
Dodge: Dodged            ||    14

Table legend: (Time is in decaauts)
 A = Elapsed time spent in this place.
 B = Non-inter-level travel time spent in this place.
 C = Inter-level travel time spent in this place.
 D = Time resting spent in this place.
 E = Time spent auto-exploring this place.
 F = Levels seen in this place.
 G = Mean time per level.
                   A        B        C        D        E       F      G
               +--------+--------+--------+--------+--------+-----+--------+
         Total |    230 |    213 |     17 |      0 |    176 |   1 |  230.0 |
       Dungeon |    230 |    213 |     17 |      0 |    176 |   1 |  230.0 |
               +--------+--------+--------+--------+--------+-----+--------+

Top non-repeatable levels by time:
     D:1: 230 daAuts
